[ AOE2 MATCH · #507833851 ]
UnrankedTeutons vs Saracens
Player's team · WIN
Rival team · LOSS
[ REPLAY ANALYSIS · EXTRACTED FROM THE RECORDED GAME ]
Feudal
8:25
Castle
24:05
Imperial
33:54
| APM avg | 47.0 |
| APM peak | 79 |
| eAPM avg | 25.1 |
| Villagers / military | 82 / 24 |
Focus
⚔️ 27.6% · 🌾 72.4%
Archer ×11 · Hand Cannoneer ×6 · Mangonel ×3 · Trebuchet (Packed) ×2 · Spearman ×1 · Bombard Cannon ×1
Feudal
9:41
Castle
16:19
Imperial
—
| APM avg | 27.6 |
| APM peak | 55 |
| eAPM avg | 19.5 |
| Villagers / military | 82 / 26 |
Focus
⚔️ 21.9% · 🌾 78.1%
Mameluke ×15 · Petard ×6 · Battering Ram ×4 · Mangonel ×1
Match map
Initial resources + every placement click. Lines = walls · curves = elevation contours. ◆ gold · ⬟ stone · ● berries · ✦ relic · ◌ wall gap
Your base· ✓ Closed at 24:05 · 15t walls · 4 gate(s)
rastko's base· ✓ Closed at 16:19 · 2t walls · 3 gate(s)
Smoothed initial terrain · ◌ = detected wall gap · hover for details
Inputs per minute
— Guthrie_Govan - - rastko
Build order — Guthrie_Govan
First 150 of 227 actions detected
| 0:00 | Queue | Villager (Male) |
| 0:00 | Queue | Villager (Male) |
| 0:01 | Queue | Villager (Male) |
| 0:01 | Queue | Villager (Male) |
| 0:02 | Build | House |
| 0:03 | Build | House |
| 1:24 | Queue | Villager (Male) |
| 1:44 | Build | Lumber Camp |
| 1:51 | Queue | Villager (Male) |
| 2:21 | Queue | Villager (Male) |
| 2:25 | Queue | Villager (Male) |
| 2:25 | Queue | Villager (Male) |
| 2:56 | Queue | Villager (Male) |
| 3:33 | Queue | Villager (Male) |
| 3:35 | Queue | Villager (Male) |
| 3:45 | Queue | Villager (Male) |
| 3:48 | Build | House |
| 4:38 | Queue | Villager (Male) |
| 4:50 | Queue | Villager (Male) |
| 5:03 | Queue | Villager (Male) |
| 5:04 | Queue | Villager (Male) |
| 5:14 | Build | Mining Camp |
| 6:12 | Research | Feudal Age |
| 7:14 | Research | Loom |
| 7:22 | Build | House |
| 8:25 | Age | Feudal Age |
| 8:29 | Queue | Villager (Male) |
| 8:32 | Build | Blacksmith |
| 8:40 | Build | Watch Tower |
| 8:58 | Build | Palisade Wall |
| 9:13 | Queue | Villager (Male) |
| 9:51 | Research | Fletching |
| 9:51 | Research | Fletching |
| 9:57 | Build | Watch Tower |
| 10:05 | Queue | Villager (Male) |
| 10:40 | Build | Watch Tower |
| 10:46 | Build | Watch Tower |
| 10:53 | Queue | Villager (Male) |
| 11:02 | Build | House |
| 11:03 | Build | Mill |
| 11:22 | Build | Palisade Wall |
| 11:27 | Build | Watch Tower |
| 11:34 | Queue | Villager (Male) |
| 12:20 | Queue | Villager (Male) |
| 12:20 | Queue | Villager (Male) |
| 12:49 | Build | House |
| 12:56 | Queue | Villager (Male) |
| 12:56 | Queue | Villager (Male) |
| 13:14 | Build | Watch Tower |
| 13:41 | Queue | Villager (Male) |
| 13:43 | Queue | Villager (Male) |
| 13:45 | Build | Farm |
| 13:54 | Build | Farm |
| 13:56 | Build | Farm |
| 14:04 | Build | Farm |
| 14:22 | Queue | Villager (Male) |
| 15:02 | Queue | Villager (Male) |
| 15:07 | Build | Farm |
| 15:09 | Build | Farm |
| 15:10 | Build | Farm |
| 15:11 | Build | Farm |
| 15:14 | Queue | Villager (Male) |
| 15:34 | Build | Watch Tower |
| 15:39 | Build | Watch Tower |
| 15:44 | Queue | Villager (Male) |
| 15:48 | Build | Watch Tower |
| 15:59 | Build | Mining Camp |
| 16:04 | Build | Market |
| 16:06 | Queue | Villager (Male) |
| 17:09 | Queue | Villager (Male) |
| 17:10 | Queue | Villager (Male) |
| 17:11 | Build | Farm |
| 17:11 | Queue | Villager (Male) |
| 18:29 | Queue | Villager (Male) |
| 18:33 | Build | House |
| 18:58 | Build | Watch Tower |
| 19:10 | Queue | Villager (Male) |
| 19:17 | Queue | Villager (Male) |
| 19:41 | Queue | Villager (Male) |
| 19:52 | Build | Watch Tower |
| 19:57 | Build | Barracks |
| 20:01 | Queue | Villager (Male) |
| 20:07 | Build | Lumber Camp |
| 20:15 | Build | Mining Camp |
| 20:20 | Build | Farm |
| 20:40 | Queue | Villager (Male) |
| 21:10 | Build | House |
| 21:12 | Build | House |
| 21:25 | Research | Castle Age |
| 21:25 | Research | Castle Age |
| 21:42 | Queue | Spearman |
| 22:18 | Build | Stone Wall |
| 22:20 | Build | Stone Wall |
| 22:25 | Build | Stone Wall |
| 22:26 | Build | Stone Wall |
| 22:33 | Queue | Villager (Male) |
| 22:36 | Build | Archery Range |
| 22:53 | Queue | Villager (Male) |
| 23:02 | Research | Double-Bit Axe |
| 23:04 | Queue | Villager (Male) |
| 23:24 | Queue | Archer |
| 23:26 | Build | House |
| 23:40 | Build | Gate |
| 24:01 | Build | Watch Tower |
| 24:02 | Build | Stone Wall |
| 24:05 | Age | Castle Age |
| 24:06 | Queue | Villager (Male) |
| 24:07 | Queue | Archer |
| 24:16 | Queue | Villager (Male) |
| 24:17 | Research | Bow Saw |
| 24:17 | Research | Bow Saw |
| 24:18 | Queue | Villager (Male) |
| 24:43 | Build | University |
| 24:45 | Queue | Villager (Male) |
| 24:52 | Queue | Archer |
| 24:54 | Queue | Villager (Male) |
| 25:07 | Queue | Villager (Male) |
| 25:08 | Queue | Archer |
| 25:10 | Queue | Villager (Male) |
| 25:22 | Build | Castle |
| 25:40 | Queue | Archer |
| 25:40 | Queue | Archer |
| 25:45 | Research | Bodkin Arrow |
| 25:46 | Research | Bodkin Arrow |
| 25:46 | Queue | Villager (Male) |
| 26:00 | Build | Stone Wall |
| 26:03 | Build | Stone Wall |
| 26:10 | Build | House |
| 26:17 | Build | House |
| 26:18 | Build | House |
| 26:28 | Queue | Villager (Male) |
| 26:39 | Build | Siege Workshop |
| 26:48 | Build | Farm |
| 26:51 | Build | Farm |
| 26:52 | Queue | Villager (Male) |
| 27:01 | Research | Guard Tower (upgrade) |
| 27:01 | Research | Guard Tower (upgrade) |
| 27:11 | Queue | Mangonel |
| 27:29 | Build | Stone Wall |
| 27:31 | Queue | Villager (Male) |
| 27:46 | Queue | Villager (Male) |
| 28:00 | Build | Stone Wall |
| 28:04 | Queue | Villager (Male) |
| 28:13 | Queue | Archer |
| 28:13 | Queue | Archer |
| 28:17 | Queue | Villager (Male) |
| 28:20 | Build | Farm |
| 28:21 | Build | Farm |
| 28:24 | Build | Farm |
| 28:29 | Research | Horse Collar |
Build order — rastko
First 150 of 217 actions detected
| 0:00 | Queue | Villager (Male) |
| 0:01 | Queue | Villager (Male) |
| 0:03 | Build | House |
| 0:05 | Build | House |
| 0:17 | Queue | Villager (Male) |
| 0:23 | Queue | Villager (Male) |
| 1:41 | Queue | Villager (Male) |
| 1:59 | Queue | Villager (Male) |
| 2:06 | Queue | Villager (Male) |
| 2:12 | Build | Lumber Camp |
| 2:23 | Queue | Villager (Male) |
| 3:04 | Queue | Villager (Male) |
| 3:04 | Queue | Villager (Male) |
| 3:52 | Queue | Villager (Male) |
| 3:58 | Build | House |
| 3:59 | Build | House |
| 4:05 | Build | House |
| 4:07 | Build | House |
| 4:13 | Queue | Villager (Male) |
| 4:13 | Queue | Villager (Male) |
| 4:45 | Build | House |
| 4:58 | Queue | Villager (Male) |
| 5:09 | Queue | Villager (Male) |
| 5:14 | Build | Mill |
| 5:38 | Queue | Villager (Male) |
| 6:08 | Queue | Villager (Male) |
| 6:20 | Queue | Villager (Male) |
| 6:40 | Queue | Villager (Male) |
| 6:59 | Build | Mining Camp |
| 7:10 | Build | Farm |
| 7:31 | Research | Feudal Age |
| 8:05 | Build | Farm |
| 8:38 | Research | Loom |
| 8:50 | Build | House |
| 8:52 | Build | House |
| 8:57 | Build | House |
| 9:00 | Build | House |
| 9:37 | Build | House |
| 9:40 | Build | House |
| 9:41 | Age | Feudal Age |
| 9:43 | Build | House |
| 9:51 | Build | Market |
| 9:58 | Build | House |
| 10:07 | Queue | Villager (Male) |
| 10:08 | Queue | Villager (Male) |
| 10:37 | Build | Mining Camp |
| 10:40 | Queue | Villager (Male) |
| 11:03 | Queue | Villager (Male) |
| 11:53 | Build | House |
| 11:56 | Build | Palisade Wall |
| 12:00 | Queue | Villager (Male) |
| 12:19 | Build | Watch Tower |
| 12:24 | Queue | Villager (Male) |
| 12:28 | Build | House |
| 12:31 | Build | Palisade Wall |
| 12:37 | Queue | Villager (Male) |
| 12:43 | Build | Blacksmith |
| 12:54 | Build | Farm |
| 13:39 | Research | Castle Age |
| 13:51 | Build | House |
| 13:55 | Build | House |
| 14:00 | Build | House |
| 14:20 | Research | Fletching |
| 14:42 | Build | House |
| 15:53 | Build | Lumber Camp |
| 16:19 | Age | Castle Age |
| 16:22 | Build | Castle |
| 17:58 | Build | Farm |
| 18:13 | Queue | Villager (Male) |
| 18:14 | Queue | Villager (Male) |
| 18:45 | Build | Town Center |
| 19:00 | Queue | Villager (Male) |
| 19:01 | Queue | Villager (Male) |
| 19:47 | Queue | Villager (Male) |
| 19:47 | Queue | Villager (Male) |
| 20:08 | Queue | Villager (Male) |
| 20:12 | Build | Farm |
| 20:14 | Build | Farm |
| 20:15 | Build | Farm |
| 20:17 | Build | Farm |
| 20:36 | Build | Farm |
| 20:40 | Build | Farm |
| 21:01 | Queue | Villager (Male) |
| 21:25 | Queue | Villager (Male) |
| 22:00 | Queue | Villager (Male) |
| 22:02 | Queue | Villager (Male) |
| 22:18 | Queue | Villager (Male) |
| 22:42 | Queue | Villager (Male) |
| 22:47 | Build | Farm |
| 22:50 | Build | Farm |
| 23:04 | Queue | Villager (Male) |
| 23:23 | Build | Town Center |
| 23:28 | Build | Palisade Wall |
| 23:33 | Queue | Villager (Male) |
| 23:36 | Queue | Villager (Male) |
| 23:43 | Build | Farm |
| 23:58 | Queue | Villager (Male) |
| 24:02 | Build | Farm |
| 24:03 | Queue | Villager (Male) |
| 24:09 | Build | Farm |
| 24:28 | Queue | Villager (Male) |
| 24:39 | Queue | Villager (Male) |
| 24:55 | Queue | Villager (Male) |
| 24:56 | Queue | Villager (Male) |
| 25:03 | Build | Siege Workshop |
| 25:13 | Queue | Villager (Male) |
| 25:30 | Queue | Villager (Male) |
| 25:59 | Build | Castle |
| 26:53 | Research | Bodkin Arrow |
| 27:07 | Queue | Battering Ram |
| 27:21 | Queue | Villager (Male) |
| 27:42 | Build | Mining Camp |
| 27:43 | Queue | Villager (Male) |
| 27:46 | Queue | Villager (Male) |
| 27:57 | Queue | Villager (Male) |
| 28:09 | Queue | Villager (Male) |
| 28:14 | Queue | Petard |
| 28:32 | Queue | Petard |
| 28:33 | Queue | Battering Ram |
| 28:40 | Queue | Mameluke |
| 28:44 | Queue | Petard |
| 28:51 | Queue | Petard |
| 29:01 | Queue | Villager (Male) |
| 29:04 | Queue | Villager (Male) |
| 29:09 | Build | Farm |
| 29:11 | Queue | Battering Ram |
| 29:22 | Queue | Villager (Male) |
| 29:32 | Queue | Villager (Male) |
| 29:38 | Queue | Villager (Male) |
| 29:41 | Queue | Battering Ram |
| 29:54 | Queue | Villager (Male) |
| 30:07 | Queue | Petard |
| 30:09 | Build | Farm |
| 30:19 | Queue | Villager (Male) |
| 30:19 | Queue | Villager (Male) |
| 30:23 | Queue | Petard |
| 30:34 | Build | Farm |
| 30:36 | Build | Farm |
| 30:37 | Build | Farm |
| 30:39 | Build | Farm |
| 31:12 | Queue | Villager (Male) |
| 31:12 | Queue | Villager (Male) |
| 31:15 | Build | Farm |
| 31:16 | Build | Farm |
| 31:36 | Build | Town Center |
| 31:48 | Queue | Villager (Male) |
| 31:49 | Queue | Villager (Male) |
| 31:51 | Queue | Villager (Male) |
| 31:58 | Queue | Mangonel |
| 32:08 | Research | Town Watch |
Match timeline
| 8:25 | Guthrie_Govan · age_up feudal |
| 8:58 | Guthrie_Govan · wall_segment Palisade Wall x1 |
| 9:41 | rastko · age_up feudal |
| 11:22 | Guthrie_Govan · wall_segment Palisade Wall x1 |
| 11:56 | rastko · wall_segment Palisade Wall x1 |
| 12:31 | rastko · wall_segment Palisade Wall x1 |
| 13:26 | rastko · first_market_sell 100 stone |
| 13:29 | rastko · first_market_buy 100 food |
| 16:19 | rastko · age_up castle |
| 16:22 | rastko · first_building Castle |
| 19:57 | Guthrie_Govan · first_building Barracks |
| 20:51 | Guthrie_Govan · first_market_sell 100 stone |
| 20:53 | Guthrie_Govan · first_market_buy 100 food |
| 22:18 | Guthrie_Govan · wall_segment Stone Wall x9 |
| 22:20 | Guthrie_Govan · wall_segment Stone Wall x1 |
| 22:25 | Guthrie_Govan · wall_segment Stone Wall x1 |
| 22:26 | Guthrie_Govan · wall_segment Stone Wall x1 |
| 22:36 | Guthrie_Govan · first_building Archery Range |
| 23:28 | rastko · wall_segment Palisade Wall x1 |
| 24:02 | Guthrie_Govan · wall_segment Stone Wall x1 |
| 24:05 | Guthrie_Govan · age_up castle |
| 25:03 | rastko · first_building Siege Workshop |
| 25:22 | Guthrie_Govan · first_building Castle |
| 26:00 | Guthrie_Govan · wall_segment Stone Wall x5 |
| 26:03 | Guthrie_Govan · wall_segment Stone Wall x13 |
| 26:39 | Guthrie_Govan · first_building Siege Workshop |
| 27:29 | Guthrie_Govan · wall_segment Stone Wall x1 |
| 28:00 | Guthrie_Govan · wall_segment Stone Wall x12 |
| 31:45 | Guthrie_Govan · wall_segment Stone Wall x1 |
| 33:54 | Guthrie_Govan · age_up imperial |
| 34:31 | rastko · first_building Barracks |
| 36:38 | rastko · first_building Stable |
| 38:04 | rastko · first_building Monastery |
| 38:57 | rastko · resign |
[ AI ANALYSIS · 1 CREDIT ]
What really happened in this match?
Wolo.gg analyzes every decision: build order, eco, micro, common mistakes by bracket. Personalized analysis on WhatsApp or Discord in 30 seconds.
Civ guide
Teutons
Perfil
Guthrie_Govan